Cogmind - Beta 13 @@@ ROGUE MODE // 2024.03.02 @ 17:08:31 Player: monistgf Result: Destroyed by G-50 Soldier with Heavy Laser Performance ------------- Evolutions (4) 2000 Regions Visited (9) 1800 Robots Destroyed (131) 655 Value Destroyed (4944) 4944 Prototype IDs (6) 120 Alien Tech Used (0) 0 Bonus (2346) 2346 TOTAL SCORE: 11865 Bonus ------- High Alert Combat Kills 468 Follower Combat Kills 1615 Network Hubs Disabled 200 Built Enhanced Grunts 300 Met R17 at Cetus 500 Friendly Fire -737 Cogmind --------- Core Integrity 0/850 Matter 300/300 Energy 74/100 System Corruption 24% Temperature Cool (9) Movement Core (700) Ox13 Location -6/Hub_04(d) Parts ------- > --- POWER (1) -------- (None) > --- PROPULSION (2) --- (None) > --- UTILITY (8) ------ High-capacity Storage Unit Enhanced Optical Array > --- WEAPON (4) ------- (None) > --- INVENTORY (20) --- Fusion Compressor Neutrino Core Centrium Heavy Treads Centrium Heavy Treads Advanced Heat Sink High-capacity Matter Pod (200) Improved Hacking Suite Improved Hacking Suite Long-range Tractor Beam Plasma Cannon Heavy Plasma Cannon Gauss Rifle Gauss Rifle Heavy Missile Launcher Peak State ------------ > --- POWER ------------ Neutrino Core > --- PROPULSION ------- Wheel Armored Wheel > --- UTILITY ---------- Improved Heat Sink Advanced Heat Sink High-capacity Storage Unit Enhanced Optical Array Seismic Detector Layered Medium Armor Plating Centrium Medium Armor Plating Force Field > --- WEAPON ----------- Advanced Variable Charge Gun Heavy Machine Gun KE Penetrator Advanced KE Penetrator > --- INVENTORY -------- Fusion Compressor Neutrino Core Centrium Heavy Treads Centrium Heavy Treads Advanced Heat Sink High-capacity Matter Pod Centrium Medium Armor Plating Heavy Reflective Plating Improved Hacking Suite Improved Hacking Suite Long-range Tractor Beam Plasma Cannon Heavy Plasma Cannon Gauss Rifle Gauss Rifle Heavy Missile Launcher Power Maul [Rating: 81] Favorites ----------- Power Micro Fission Core Engine Ion Engine Power Core Micro Fission Core Propulsion Armored Wheel Treads Light Treads Leg Aluminum Leg Wheel Armored Wheel Utility Advanced Visual Processing Unit Device Improved Heat Sink Storage Medium Storage Unit Processor Advanced Visual Processing Unit Protection Improved Medium Armor Plating Weapon Gauss Rifle Energy Gun Advanced Variable Charge Gun Energy Cannon Phase Cannon Ballistic Gun Gauss Rifle Launcher Grenade Launcher Impact Weapon Power Maul Build | -11 -10 -10 -8 -7 -6 -6 -6 -6 -6 ------- Run | Yrd Mat Sub Mat Fac Fac Ext Cet Arc Hub Slots Evolved 8 | . . . 4 2 2 . . . . Power . | . . . . . . . . . . Propulsion . | . . . . . . . . . . Utility 6 | . . . 2 2 2 . . . . Weapon 2 | . . . 2 . . . . . . Parts Attached 113 | . 13 21 27 15 2 16 5 2 12 Power 12 | . 1 3 5 1 . . 1 1 . Engine 9 | . 1 3 5 . . . . . . Core 3 | . . . . 1 . . 1 1 . Reactor . | . . . . . . . . . . Propulsion 18 | . 5 4 6 1 . . . . 2 Treads 4 | . . 3 1 . . . . . . Leg 9 | . 5 1 3 . . . . . . Wheel 5 | . . . 2 1 . . . . 2 Hover . | . . . . . . . . . . Flight . | . . . . . . . . . . Utility 33 | . 2 3 8 4 2 6 2 . 6 Device 11 | . . . 3 1 1 4 1 . 1 Storage 3 | . 1 . 1 . 1 . . . . Processor 4 | . . . 3 . . . . . 1 Hackware . | . . . . . . . . . . Protection 15 | . 1 3 1 3 . 2 1 . 4 Artifact . | . . . . . . . . . . Weapon 50 | . 5 11 8 9 . 10 2 1 4 Energy Gun 4 | . . 1 2 . . . 1 . . Energy Cannon 2 | . . . . . . 2 . . . Ballistic Gun 34 | . 4 7 6 7 . 5 1 1 3 Ballistic Cannon . | . . . . . . . . . . Launcher 6 | . 1 3 . 1 . 1 . . . Special Weapon . | . . . . . . . . . . Impact Weapon 4 | . . . . 1 . 2 . . 1 Slashing Weapon . | . . . . . . . . . . Piercing Weapon . | . . . . . . . . . . Special Melee Weapon . | . . . . . . . . . . Unidentified Prototypes 6 | . . . 2 1 . . 3 . . Parts Lost 37 | . 1 6 6 2 . 6 1 . 15 Power 2 | . . 1 . . . . . . 1 Propulsion 6 | . . 1 2 . . . . . 3 Utility 15 | . . 1 1 1 . 3 1 . 8 Weapon 14 | . 1 3 3 1 . 3 . . 3 Highest Loss Streak 14 | . 1 3 6 1 . 3 1 . 14 To Critical Strikes . | . . . . . . . . . . Average Slot Usage (%) 91 | . 88 83 87 98 93 94 100 100 96 Engine 6 | . 14 13 7 2 . . . . . Core 2 | . . . . 4 6 6 6 6 5 Treads 5 | . . 25 7 . . . . . . Leg 7 | . 28 2 7 . . . . . . Wheel 6 | . . . 2 15 13 13 13 13 12 Device 9 | . . . 4 8 12 19 26 26 25 Storage 6 | . 14 . 4 7 6 6 6 6 6 Processor 4 | . . . 12 7 6 6 6 6 6 Protection 11 | . 3 11 5 19 20 15 12 13 12 Energy Gun 1 | . . . 4 1 . . . 6 5 Ballistic Gun 24 | . 27 21 30 28 26 22 19 13 18 Launcher 1 | . . 6 . . . . . . . Naked Turns . | . . . . . . . . . . Heaviest Build 100 | 14 19 31 34 48 77 83 97 98 100 Greatest Support 40 | 20 20 40 40 28 22 22 22 22 22 Greatest Overweight (x) 19 | . . 1 2 2 3 3 4 4 19 Average Overweight (x) 1 | . . . . 1 2 3 3 4 4 Largest Inventory Capacity 20 | 8 10 10 10 10 20 20 20 20 20 Average Capacity 12 | 8 9 5 7 10 16 20 20 20 20 Most Carried 20 | 6 10 10 10 10 12 19 20 20 20 Average Carried 11 | 6 9 5 5 9 10 16 19 19 19 Final Capacity 20 | 8 10 5 10 10 20 20 20 20 20 Final Carried 20 | 6 10 2 10 10 11 19 20 20 16 Class Distribution -------------------- 24% | Mutant 20% | Tank 16% | Scavenger-Tank 16% | Subdweller-Mutant 11% | Commander-Tank 5% | Scavenger-Gunner 3% | Subdweller-Tank Dominant Class ---------------- Mutant | -10/Materials Subdweller-Mutant | -10/Subcaves Scavenger-Gunner | -8/Materials Tank | -7/Factory Tank | -6/Factory Commander-Tank | -6/Extension Scavenger-Tank | -6/Cetus Scavenger-Tank | -6/Archives Scavenger-Tank | -6/Hub_04(d) Resources | -11 -10 -10 -8 -7 -6 -6 -6 -6 -6 ----------- Run | Yrd Mat Sub Mat Fac Fac Ext Cet Arc Hub Matter Collected 4512 | 200 372 375 900 996 25 811 137 212 484 Remotely . | . . . . . . . . . . Salvage Created 5509 | . 541 304 864 1086 25 930 146 487 1126 Parts 274 | . 32 24 46 52 1 37 4 20 58 Haulers Intercepted 3 | . 1 . 2 . . . . . . Recyclers Shooed 3 | . 1 . . 2 . . . . . Parts Field Recycled . | . . . . . . . . . . Retrieved Matter . | . . . . . . . . . . Parts Self-Destructed 3 | . . 3 . . . . . . . Prevented . | . . . . . . . . . . Kills | -11 -10 -10 -8 -7 -6 -6 -6 -6 -6 ------- Run | Yrd Mat Sub Mat Fac Fac Ext Cet Arc Hub Combat Hostiles Destroyed 98 | . 13 12 18 19 . 14 2 1 19 Melee 1 | . . . 1 . . . . . . Guns 91 | . 13 7 17 19 . 14 2 1 18 Cannons 1 | . . . . . . . . . 1 AOE 5 | . . 5 . . . . . . . Classes Destroyed 16 | . 4 1 3 1 . 3 . . 4 Worker 10 | . 1 . 2 3 1 . . . 3 Builder 3 | . . . . . . . . . 3 Hauler 3 | . 1 . 2 . . . . . . Recycler 3 | . . . 1 2 . . . . . Operator 10 | . . . . . . 1 . 7 2 Watcher 1 | . . . . . . . . . 1 Swarmer 16 | . 3 . 7 3 . . . . 3 Grunt 50 | . 10 2 7 12 . 10 . . 9 Brawler 2 | . . . . . . 1 . . 1 Duelist 1 | . . . . . . . . . 1 Sentry 6 | . . . 2 . . 2 . 1 1 Demolisher 1 | . . . . . . . . . 1 Hunter 4 | . . . 2 . . . . . 2 Programmer 4 | . . . . 4 . . . . . Heavy 1 | . . . . . . . . . 1 Cetus Guard 2 | . . . . . . . 2 . . Enhanced Grunt 1 | . . . . . . . . 1 . Subdweller 10 | . . 10 . . . . . . . Thug 1 | . . . . . . . . 1 . Butcher 2 | . . . . . . 2 . . . Best Kill Streak 7 | . 3 2 5 7 1 3 1 4 7 Combat Bots Only 5 | . 3 2 4 4 . 3 1 1 5 Max Kills in Single Turn 2 | . 2 1 2 2 1 1 1 2 2 Gunslinging 1 | . 1 . . 1 . . . . . Exploded 1 | . . 1 . . . . . . . Melee 1 | . . . 1 . . . . . . Uniques/NPCs Destroyed . | . . . . . . . . . . Combat | -11 -10 -10 -8 -7 -6 -6 -6 -6 -6 -------- Run | Yrd Mat Sub Mat Fac Fac Ext Cet Arc Hub Hostile Shots Fired 670 | . 64 73 111 74 . 132 1 . 215 Missed 187 | . 16 19 32 23 . 46 1 . 50 Damage Taken 8287 | . 543 1366 1051 683 9 983 96 . 3556 Core 1252 | . 103 117 132 31 . 126 29 . 714 Absorbed by Shields 619 | . . . . 121 . 4 72 . 422 Redirected to Shielding 122 | . . 21 8 34 . 59 . . . Ignored by Resistances 103 | . . . . 59 . 21 . . 23 Core Remaining (%) 70 | 100 . 12 76 95 . . . . . Volleys Fired 328 | . 48 60 44 50 . 58 6 24 38 Largest 4 | . 2 2 4 4 . 4 4 4 4 Hottest 233 | . 40 60 133 129 . 169 166 233 233 Shots Fired 983 | . 94 100 159 195 . 177 24 89 145 Gun 891 | . 93 77 159 193 . 143 18 65 143 Cannon 66 | . . . . . . 34 6 24 2 Launcher 26 | . 1 23 . 2 . . . . . Special . | . . . . . . . . . . Kinetic 809 | . 93 77 138 184 . 143 18 48 108 Thermal 148 | . . . 21 9 . 34 6 41 37 Explosive 26 | . 1 23 . 2 . . . . . Electromagnetic . | . . . . . . . . . . Robot Hit Streak 19 | . 12 19 17 12 . 13 6 13 10 Robot Miss Streak 8 | . 3 3 3 8 . 3 5 3 4 Penetration Max 1 | . . . . 1 . 1 . 1 1 Secondary Targets 14 | . 2 . 3 6 . 2 . . 1 Max Gunslinging Chain 1 | . 1 . 1 1 . 1 . . 1 Shots Hit Robots 597 | . 65 72 102 87 . 117 19 53 82 Core Hits 286 | . 28 28 42 45 1 59 13 22 48 Critical Kills 9 | . 2 . . 2 . 1 . 1 3 Critical Parts Destroyed 9 | . . . 3 . . . . 4 2 Critical Strikes 22 | . 2 1 5 3 . 1 . 5 5 Burn 3 | . . . 2 1 . . . . . Destroy 19 | . 2 1 3 2 . 1 . 5 5 Melee Attacks 32 | . . . . 3 . 27 . . 2 Impact 32 | . . . . 3 . 27 . . 2 Slashing . | . . . . . . . . . . Piercing . | . . . . . . . . . . Sneak Attacks . | . . . . . . . . . . Combat Hostiles . | . . . . . . . . . . Follow-up Attacks . | . . . . . . . . . . Damage Inflicted 13002 | . 836 1638 1515 1937 18 2680 394 1528 2456 Guns 11123 | . 807 764 1508 1921 . 2313 332 1083 2395 Cannons 935 | . . . . . . 367 62 445 61 Explosions 902 | . 29 873 . . . . . . . Melee . | . . . . . . . . . . Ramming 42 | . . 1 7 16 18 . . . . Kinetic 9821 | . 807 764 1266 1849 . 2313 332 795 1695 Thermal 2237 | . . . 242 72 . 367 62 733 761 Explosive 902 | . 29 873 . . . . . . . Electromagnetic . | . . . . . . . . . . Impact . | . . . . . . . . . . Slashing . | . . . . . . . . . . Piercing . | . . . . . . . . . . Highest Corruption 24 | . . . . 4 . . . . 24 Average Corruption 3 | . . . . 2 . . . . 13 Corruption Purged . | . . . . . . . . . . Corruption Blocked . | . . . . . . . . . . Effects 12 | . . . . 10 . . . . 2 Message Errors 2 | . . . . 2 . . . . . Matter Fused 4 | . . . . 3 . . . . 1 Heat Flow Errors 1 | . . . . 1 . . . . . Energy Discharges 1 | . . . . . . . . . 1 Data Loss (minor) 1 | . . . . 1 . . . . . Data Loss (major) 1 | . . . . 1 . . . . . Misfires 1 | . . . . 1 . . . . . Alerts 1 | . . . . 1 . . . . . Overload Shots . | . . . . . . . . . . Overflow Damage 117 | . . 43 . . . 29 . 45 . Projectiles 74 | . . . . . . 29 . 45 . Explosions 43 | . . 43 . . . . . . . Melee . | . . . . . . . . . . Knockbacks . | . . . . . . . . . . Impact . | . . . . . . . . . . Kinetic . | . . . . . . . . . . Secondary . | . . . . . . . . . . Self-Inflicted Damage 147 | . . 131 . 7 9 . . . . Shots 5 | . . 5 . . . . . . . Rammed 9 | . . 1 1 4 1 1 . . 1 Targets Rammed 13 | . . 1 5 4 1 1 . . 1 Kicked 3 | . . . 3 . . . . . . Crushed 1 | . . . 1 . . . . . . Highest Temperature 254 | . 12 254 136 231 . 30 . 114 57 Average Temperature 33 | . 4 128 42 40 . 9 . 50 7 Received Heat Transfer 2158 | . 261 521 333 192 . 378 . . 473 Siege Activations . | . . . . . . . . . . Robots Corrupted . | . . . . . . . . . . Combat Hostiles . | . . . . . . . . . . Parts Fried . | . . . . . . . . . . Impact Corruptions . | . . . . . . . . . . Robots Melted . | . . . . . . . . . . Combat Hostiles . | . . . . . . . . . . Parts Melted 6 | . . 1 1 . . . . 1 3 Heat Transferred 3441 | . . . 740 259 . 444 74 888 1036 Parts Sabotaged 2 | . . . . . . . . . 2 Parts Stolen . | . . . . . . . . . . Parts Stripped . | . . . . . . . . . . Power Chain Reactions . | . . . . . . . . . . Alert | -11 -10 -10 -8 -7 -6 -6 -6 -6 -6 ------- Run | Yrd Mat Sub Mat Fac Fac Ext Cet Arc Hub Peak Influence 1310 | . 264 . 332 409 164 369 417 398 1310 Initial 159 | . . . 20 130 159 79 159 137 139 Average 234 | . 101 . 121 248 163 180 284 343 796 Maximum Alert Level 4 | . 1 . 1 2 . 1 2 1 4 Low Security (%) 52 | 100 81 . 63 19 100 64 9 9 8 Level 1 38 | . 18 . 36 80 . 35 70 90 17 Level 2 2 | . . . . . . . 19 . 6 Level 3 4 | . . . . . . . . . 43 Level 4 2 | . . . . . . . . . 23 Level 5 . | . . . . . . . . . . High Security . | . . . . . . . . . . Max Security . | . . . . . . . . . . Squads Dispatched 20 | . 3 . . 4 . 1 . . 12 Investigation 3 | . . . . 2 . . . . 1 Extermination 2 | . . . . 2 . . . . . Reinforcement 9 | . 3 . . . . 1 . . 5 Assault 2 | . . . . . . . . . 2 Garrison 4 | . . . . . . . . . 4 Intercept . | . . . . . . . . . . Searches Triggered . | . . . . . . . . . . Construction Impeded 1 | . . . . . . . . . 1 Haulers Reinforced . | . . . . . . . . . . Active Scanning Responses . | . . . . . . . . . . Cargo Convoy Interrupts . | . . . . . . . . . . Stealth | -11 -10 -10 -8 -7 -6 -6 -6 -6 -6 --------- Run | Yrd Mat Sub Mat Fac Fac Ext Cet Arc Hub Distress Signals 12 | . 3 . 3 . . 1 2 . 3 Communications Jammed . | . . . . . . . . . . Distress Signals . | . . . . . . . . . . Times Spotted 203 | . 31 14 28 24 1 26 11 12 56 Peak Tracking Total 18 | . 4 2 6 4 1 4 5 1 18 Tactical Retreats 8 | . 1 1 2 1 . 2 . . 1 Traps | -11 -10 -10 -8 -7 -6 -6 -6 -6 -6 ------- Run | Yrd Mat Sub Mat Fac Fac Ext Cet Arc Hub Traps Triggered 10 | . . 4 . 2 . 4 . . . Indirectly . | . . . . . . . . . . Trap Hack Attempts . | . . . . . . . . . . Triggered . | . . . . . . . . . . Disarmed . | . . . . . . . . . . Reprogrammed . | . . . . . . . . . . Reused . | . . . . . . . . . . Traps Extracted . | . . . . . . . . . . Installed 2 | . . 2 . . . . . . . Triggered . | . . . . . . . . . . Machines | -11 -10 -10 -8 -7 -6 -6 -6 -6 -6 ---------- Run | Yrd Mat Sub Mat Fac Fac Ext Cet Arc Hub Machines Disabled 18 | . 1 . . 2 . 2 1 4 8 Max in Single Turn 3 | . 1 . . 1 . 1 . 1 3 Garrison Access 2 | . . . . 2 . . . . . Network Hub 1 | . . . . . . . . . 1 Machines Repaired . | . . . . . . . . . . Machines Dismantled . | . . . . . . . . . . Machines Sabotaged 1 | . . . . . . . . . 1 Overloaded Fab Kills . | . . . . . . . . . . Hacking | -11 -10 -10 -8 -7 -6 -6 -6 -6 -6 --------- Run | Yrd Mat Sub Mat Fac Fac Ext Cet Arc Hub Machines Accessed 22 | . 1 . . 6 1 10 1 . 3 Terminals 15 | . 1 . . 1 1 9 1 . 2 Fabricators 3 | . . . . 3 . . . . . Repair Stations 1 | . . . . . . 1 . . . Recycling Units . | . . . . . . . . . . Scanalyzers . | . . . . . . . . . . Garrison Access 3 | . . . . 2 . . . . 1 Total Hacks 34 | . 2 . . 10 1 16 1 . 4 Successful 13 | . . . . 4 1 7 . . 1 Failed 21 | . 2 . . 6 . 9 1 . 3 Catastrophic 9 | . 1 . . 2 . 3 1 . 2 Database Lockouts . | . . . . . . . . . . Manual 9 | . 2 . . 1 . 2 1 . 3 Terminals 23 | . 2 . . 1 1 15 1 . 3 Fabricators 6 | . . . . 6 . . . . . Repair Stations 1 | . . . . . . 1 . . . Recycling Units . | . . . . . . . . . . Scanalyzers . | . . . . . . . . . . Garrison Access 4 | . . . . 3 . . . . 1 Terminal Hacks 7 | . . . . . 1 6 . . . Open Door 7 | . . . . . 1 6 . . . Fabricator Hacks 2 | . . . . 2 . . . . . Network Status 2 | . . . . 2 . . . . . Repair Station Hacks . | . . . . . . . . . . Recycling Unit Hacks . | . . . . . . . . . . Scanalyzer . | . . . . . . . . . . Garrison Access Hacks 2 | . . . . 2 . . . . . Seal Access 2 | . . . . 2 . . . . . Unauthorized Hacks 2 | . . . . . . 1 . . 1 Terminals 2 | . . . . . . 1 . . 1 Botnet 1 | . . . . . . 1 . . . Sabotage 1 | . . . . . . . . . 1 Fabricators . | . . . . . . . . . . Repair Stations . | . . . . . . . . . . Recycling Units . | . . . . . . . . . . Scanalyzers . | . . . . . . . . . . Garrison Access . | . . . . . . . . . . Data Cores Recovered 2 | . . . . . . . . . 2 Used . | . . . . . . . . . . Hacking Detections 15 | . 1 . . 3 . 7 2 . 2 Full Trace Events 1 | . . . . 1 . . . . . Feedback Events 1 | . . . . 1 . . . . . Corruption 1 | . . . . 1 . . . . . Feedback Blocked . | . . . . . . . . . . Robot Schematics Acquired . | . . . . . . . . . . Robots Built . | . . . . . . . . . . Authchips . | . . . . . . . . . . Time . | . . . . . . . . . . Total Robot Build Rating . | . . . . . . . . . . Part Schematics Acquired . | . . . . . . . . . . Parts Built . | . . . . . . . . . . Authchips . | . . . . . . . . . . Time . | . . . . . . . . . . Total Part Build Rating . | . . . . . . . . . . Parts Repaired . | . . . . . . . . . . Time . | . . . . . . . . . . Parts Recycled . | . . . . . . . . . . Recycled Matter . | . . . . . . . . . . Retrieved Matter . | . . . . . . . . . . Retrieved Components . | . . . . . . . . . . Parts Scanalyzed . | . . . . . . . . . . Part Schematics Acquired . | . . . . . . . . . . Parts Damaged . | . . . . . . . . . . Bothacking | -11 -10 -10 -8 -7 -6 -6 -6 -6 -6 ------------ Run | Yrd Mat Sub Mat Fac Fac Ext Cet Arc Hub Used RIF Installer . | . . . . . . . . . . Robots Hacked . | . . . . . . . . . . Non-combat . | . . . . . . . . . . Combat . | . . . . . . . . . . Robot Hacks Applied . | . . . . . . . . . . Relay Couplers Released 4 | . . . . 4 . . . . . Programmers 4 | . . . . 4 . . . . . Fabnet Peak Effective % . | . . . . . . . . . . Robots Rewired 17 | . . . . 1 . 16 . . . Allies Hacked . | . . . . . . . . . . Hacks Repelled . | . . . . . . . . . . Allies | -11 -10 -10 -8 -7 -6 -6 -6 -6 -6 -------- Run | Yrd Mat Sub Mat Fac Fac Ext Cet Arc Hub Total Allies 35 | . . . . 1 . 29 5 . . Largest Group 15 | . . . . 1 . 15 15 9 4 Highest-Rated Group 786 | . . . . 21 . 535 786 692 372 Highest-Rated Ally 159 | . . . . 21 . 159 159 153 96 Total Orders . | . . . . . . . . . . Ally Attacks 298 | . . . . 5 . 86 102 36 69 Total Damage 8868 | . . . . 75 . 1974 3387 1258 2174 Kills 46 | . . . . 1 . 15 15 3 12 Allies Corrupted 1 | . . . . . . . . . 1 Allies Melted 1 | . . . . . . 1 . . . Intel | -11 -10 -10 -8 -7 -6 -6 -6 -6 -6 ------- Run | Yrd Mat Sub Mat Fac Fac Ext Cet Arc Hub Robot Analysis Total . | . . . . . . . . . . Derelict Logs Recovered 1 | . . 1 . . . . . . . Drone Launches . | . . . . . . . . . . Drone Recoveries . | . . . . . . . . . . Exploration | -11 -10 -10 -8 -7 -6 -6 -6 -6 -6 ------------- Run | Yrd Mat Sub Mat Fac Fac Ext Cet Arc Hub Turns Passed 9607 | 2 2008 1846 1038 1148 283 1726 516 277 763 Spaces Moved 4591 | 2 806 920 405 778 219 777 177 127 380 Core 3 | . . . . . . . . . 3 Treads 939 | . . 879 60 . . . . . . Legs 992 | 2 806 41 143 . . . . . . Wheels 2657 | . . . 202 778 219 777 177 127 377 Hover . | . . . . . . . . . . Flight . | . . . . . . . . . . Fastest Speed 100 | 120 120 120 110 100 115 130 130 145 145 Average Speed 133 | 120 120 158 125 112 124 130 143 145 152 Slowest Speed 1000 | 120 120 210 160 115 130 130 145 145 1000 Overloaded Moves . | . . . . . . . . . . Propulsion Burnouts . | . . . . . . . . . . Robots Hopped . | . . . . . . . . . . Cave-ins Triggered . | . . . . . . . . . . Exploration Rate (%) 48 | 2 99 56 38 27 7 65 59 88 45 Regions Visited 9 Branch Regions 5 Pre-discovered Areas 1 | . . 1 . . . . . . . Known Exits Taken 1 | . . . 1 . . . . . . Unknown Exits Taken 8 | 1 1 1 . 1 1 1 1 1 . Scrap Searched 3 | . . 3 . . . . . . . Spaces Dug 21 | . 5 . . 3 . 11 . . 2 Terrain Destroyed 236 | . 5 133 . 35 . 25 1 14 23 Melee 5 | . . . . 3 . . . . 2 Projectile 61 | . . . . 1 . 24 1 14 21 AOE 169 | . 5 133 . 31 . . . . . Terrain Rammed . | . . . . . . . . . . Walls Destroyed . | . . . . . . . . . . Machines Disabled . | . . . . . . . . . . Actions | -11 -10 -10 -8 -7 -6 -6 -6 -6 -6 --------- Run | Yrd Mat Sub Mat Fac Fac Ext Cet Arc Hub Total 7393 | 1 1758 1216 851 945 233 1316 429 166 478 Wait 1945 | . 875 183 320 69 2 233 229 2 32 Move 4582 | 1 805 919 404 777 218 776 176 126 380 Hop . | . . . . . . . . . . Pick Up 72 | . 6 6 22 7 5 13 4 5 4 Fast Attach 38 | . 2 7 16 4 1 4 3 . 1 Attach 23 | . 1 5 5 2 1 4 1 . 4 Detach 16 | . 1 2 8 1 1 1 2 . . Swap 52 | . 10 9 6 9 . 8 1 2 7 Drop 88 | . 10 17 21 11 4 2 7 7 9 Fire 328 | . 48 60 44 50 . 58 6 24 38 Melee 32 | . . . . 3 . 27 . . 2 Ram 7 | . . . . 4 1 1 . . 1 Kick 3 | . . . 3 . . . . . . Crush 3 | . . 1 2 . . . . . . Escape Stasis 41 | . . . . . . 41 . . . Rewire 156 | . . . . 8 . 148 . . . Trap 2 | . . 2 . . . . . . . Miscellaneous 5 | . . 5 . . . . . . . Route ------- -11/Scrapyard -10/Materials (discovered 6 exits: [*Mat x3] / [*Min x2] / [*Sub]) -10/Subcaves -8/Materials -7/Factory (discovered 2 exits: *Fac x2) -6/Factory -6/Extension (discovered 2 exits: [*Fac] / *Cet) -6/Cetus (discovered 2 exits: [*Fac] / [*Arc]) -6/Archives (discovered 3 exits: [*Fac] / *Hub x2) -6/Hub_04(d) (discovered 2 exits: [*Fac x2]) History --------- Turn | Location | Event 1 | -11/Scrapyard | Discovered new exit (range 1) 3 | -11/Scrapyard | Entered Materials 85 | -10/Materials | Discovered new exit (range 14) 315 | -10/Materials | Build established: Mutant 875 | -10/Materials | Discovered new exit (range 10) 1328 | -10/Materials | Discovered new exit (range 6) 1466 | -10/Materials | Discovered new exit (range 6) 1633 | -10/Materials | Discovered new exit (range 13) 1999 | -10/Materials | Discovered new exit (range 10) 2011 | -10/Materials | Entered Subcaves 2028 | -10/Subcaves | Learned location of Zion (-7) 2028 | -10/Subcaves | Met a Zionite searching for "candidates" 2077 | -10/Subcaves | Core integrity fell below 50% 2208 | -10/Subcaves | Shifting Twisted Machinery released Battle Cannon 2377 | -10/Subcaves | Lost 3 parts (1n1u1w) 2438 | -10/Subcaves | Build established: Subdweller-Mutant 2744 | -10/Subcaves | Ambushed by Subdwellers from Twisted Machinery 3209 | -10/Subcaves | Shifting Twisted Machinery released Sub. Power Source 3533 | -10/Subcaves | Learned location of 1 exit from Materials 3624 | -10/Subcaves | Core integrity fell below 20% 3812 | -10/Subcaves | Discovered new exit (range 9) 3857 | -10/Subcaves | Entered Materials 3857 | -8/Materials | Evolved 4 slots: Utility x2, Weapon x2 3858 | -8/Materials | Identified exit to Factory 4166 | -8/Materials | Build established: Subdweller-Tank 4346 | -8/Materials | Lost 6 parts (2n1u3w) 4683 | -8/Materials | Build established: Scavenger-Gunner 4895 | -8/Materials | Entered Factory 4895 | -7/Factory | Evolved 2 slots: Utility x2 5269 | -7/Factory | Build established: Tank 5530 | -7/Factory | Discovered new exit (range 20) 6015 | -7/Factory | Discovered new exit (range 16) 6043 | -7/Factory | Entered another Factory area 6043 | -6/Factory | Evolved 2 slots: Utility x2 6321 | -6/Factory | Discovered new exit (range 6) 6326 | -6/Factory | Entered Extension 6588 | -6/Extension | Rescued a captive Derelict 6589 | -6/Extension | Rescued a captive Derelict 6618 | -6/Extension | Rescued a captive Derelict 6756 | -6/Extension | Rescued a captive Derelict 6757 | -6/Extension | Rescued a captive Derelict 7033 | -6/Extension | Lost 8 allies 7071 | -6/Extension | Spotted B-75 Beast 7581 | -6/Extension | Rescued a captive Derelict 7594 | -6/Extension | Build established: Commander-Tank 7647 | -6/Extension | Rescued a captive Derelict 7648 | -6/Extension | Rescued a captive Derelict 7733 | -6/Extension | Rescued A7 7747 | -6/Extension | Rescued a captive Derelict 7748 | -6/Extension | Rescued a captive Derelict 7757 | -6/Extension | Lost 3 parts (1u2w) 7886 | -6/Extension | Rescued a captive Derelict 7887 | -6/Extension | Rescued a captive Derelict 7968 | -6/Extension | Discovered new exit (range 10) 7970 | -6/Extension | Discovered new exit (range 6) 8052 | -6/Extension | Entered Cetus 8052 | -6/Cetus | Accompanied by 15 allies (A7) 8057 | -6/Cetus | Acquired a Cetus Manufacturing Module code from A7 8067 | -6/Cetus | Spotted Cetus Guard 8068 | -6/Cetus | Spotted Cetus Guard 8069 | -6/Cetus | Spotted Cetus Guard 8078 | -6/Cetus | Spotted Cetus Guard 8083 | -6/Cetus | Destroyed Cetus Guard 8089 | -6/Cetus | Allies destroyed Cetus Guard 8092 | -6/Cetus | Allies destroyed Cetus Guard 8099 | -6/Cetus | Allies destroyed Cetus Guard 8131 | -6/Cetus | Lost 7 allies 8201 | -6/Cetus | Started Cetus Manufacturing Module 8217 | -6/Cetus | Discovered new exit (range 20) 8226 | -6/Cetus | Manufactured an Enhanced Grunt 8251 | -6/Cetus | Manufactured an Enhanced Grunt 8276 | -6/Cetus | Manufactured an Enhanced Grunt 8301 | -6/Cetus | Manufactured an Enhanced Grunt 8326 | -6/Cetus | Manufactured an Enhanced Grunt 8343 | -6/Cetus | Cetus Manufacturing Module disabled 8476 | -6/Cetus | Spotted Cetus Guard 8477 | -6/Cetus | Spotted Cetus Guard 8477 | -6/Cetus | Spotted Cetus Guard 8480 | -6/Cetus | Spotted Cetus Guard 8485 | -6/Cetus | Discovered new exit (range 20) 8490 | -6/Cetus | Destroyed Cetus Guard 8496 | -6/Cetus | Allies destroyed Cetus Guard 8497 | -6/Cetus | Allies destroyed Cetus Guard 8499 | -6/Cetus | Allies destroyed Cetus Guard 8516 | -6/Cetus | Met Revision 17 8519 | -6/Cetus | Lost 3 allies 8568 | -6/Cetus | Entered Archives 8568 | -6/Archives | Accompanied by 9 allies (A7) 8619 | -6/Archives | Lost 3 allies 8641 | -6/Archives | Discovered new exit (range 18) 8660 | -6/Archives | Discovered new exit (range 20) 8726 | -6/Archives | Discovered new exit (range 20) 8827 | -6/Archives | Build established: Scavenger-Tank 8845 | -6/Archives | Entered Hub_04(d) 8845 | -6/Hub_04(d) | Accompanied by 4 allies 9064 | -6/Hub_04(d) | Garrison activated, responded to threat 9195 | -6/Hub_04(d) | First assault squad dispatched 9212 | -6/Hub_04(d) | Garrison activated, responded to threat 9283 | -6/Hub_04(d) | Discovered new exit (range 8) 9317 | -6/Hub_04(d) | Found Hvy. Reflective Plating 9542 | -6/Hub_04(d) | Network Hub disabled 9553 | -6/Hub_04(d) | Spotted Lightning 9554 | -6/Hub_04(d) | Spotted Lightning 9554 | -6/Hub_04(d) | Spotted Lightning 9554 | -6/Hub_04(d) | Spotted Lightning 9555 | -6/Hub_04(d) | Spotted Lightning 9570 | -6/Hub_04(d) | Spotted Lightning 9573 | -6/Hub_04(d) | System corruption reached 10% 9574 | -6/Hub_04(d) | Discovered new exit (range 9) 9589 | -6/Hub_04(d) | Core integrity fell below 50% 9605 | -6/Hub_04(d) | Core integrity fell below 20% 9608 | -6/Hub_04(d) | Destroyed by G-50 Soldier with Heavy Laser Last Messages --------------- 09589_ EMDS Slug penetrates Wall. 09592_ Y-54 Guardian misfires. 09592_ K-01 Serf exits level. 09593_ Penetrated by EMDS Slug. 09594_ Centrium Medium Armor Plating destroyed. 09594_ EMDS Slug penetrates G-50 Soldier. 09594_ G-50 Soldier destroyed. 09595_ Penetrated by EMDS Slug. 09595_ R-10 Processor destroyed. 09597_ Critical hit (Burn: +37). 09598_ System corrupted: Energy discharge (-14). 09598_ EMDS Slug penetrates Lightning. 09599_ Critical hit (Burn: +37). 09600_ Penetrated by EMDS Slug. 09600_ Y-54 Guardian destroyed. 09600_ Penetrated by EMDS Slug. 09600_ Hvy. Reflective Plating destroyed. 09602_ Penetrated by EMDS Slug. 09606_ Power Maul destroyed. 09607_ Critical hit (Burn: +37). Map ----- +----------------------------------------------------+ | ?????????????????????????????????????????????????? | | ?????????????????????????????????????????????????? | | ?????????????????????????????????????????????????? | | ?????????????????????????????????????????????????? | | ?????????????????????????????????????????????????? | | ?????????????????????????????????????????????????? | | ?????????????????????????????????????????????????? | | ?????????????????????????????????????????????????? | | ?????????????????????????????????????????????????? | | ?????????????????????????????????????????????????? | | ?????????????????????????????????????????????????? | | ?????????????????????????????????????????????????? | | ?????????????????????????????????????????????????? | | ?????????????????????????????????????????????????? | | ?????????????????????????????????????????????????? | | ?????????????????????????????????????????????????? | | ?????????????????????????????????????????????????? | | ?????????????????????????????????????????????????? | | ?????????????????????????????????????????????????? | | ?????????????????????????????????????????????????? | | ?????????????????????###############?????????????? | | ????????# ########## # #?????????????? | | ????????# R # T #?????????????? | | ????????# k <*[# #?????????##### | | ?????????????? u g%!%=# #?????????#^""" | | ?????????????????????# =k@*# #?????????# | | ?????????????????????##gl ## #?????????# | | ??????????????????????#h ## """" #?????????# ^ | | ??????????????????????#hhg## """" #?????????#!^! | | ????????????????????###%h ## """ #????????##!^ | | ????????????????????#""=it!# #????????# !! = | | ????????????????????#T [#" #????????## ! | | ????????????????????### g #"#""""################# | | ??????????????????????# iu % "% % | | ??????????????????????# " * ! *! | | ??????????????????????# % !%= | | ??????????????????????############################ | | ????????????????????????????????????????########## | | ????????????????????????????????????????# ! | | ????????????????????##########??????????# | | ????????????????????# #??????????# | | ????????????????????# " " " #??????????# | | ????????????????????# " " " #??????????# ! | | ????????????????????# " " " #??????????# ! | | ????????????????????# #??????????# | | ????????????????????# " " " #??????????########## | | ????????????????????# " " " #??????????########## | | ????????????????????? " " " #??????????# / | | ??????????????????????? ????????????# | | ###???###################+#########+###+#! "" | +----------------------------------------------------+ Best States ------------- Heat Dissipation 84 Energy Generation 19 Energy Capacity 315 Matter Stores 300 Matter Capacity 300 Sight Range 22 Terrain Scan Density 10 Armor Coverage 800 Resistance: TH 25 Core Shielding 20 Propulsion Shielding 66 Weapon Shielding 33 Evasion (%) 55 Targeting Accuracy 5 Recoil Reduction 2 Item Schematics ----------------- None Robot Schematics ------------------ None Fabricated ------------ Nothing Alien Tech Used ----------------- None Achievements -------------- None Challenges ------------ None Game ------ Seed HardcellBiocellTerminator Manual? 0 Play Time 01:02:45 Cumulative 221.3 hours Start 2024.03.02 @ 16:04:20 End 2024.03.02 @ 17:08:31 Sessions 1 Manual Loads 0 Difficulty Rogue Special Mode None Game No. 133 Rogue 133 Adventurer 0 Explorer 0 Win Type - Total 2 Types 2/0/0/0/0/0/0/0/0 Lore% 49 Gallery% 69 Achievement% 57 Wizard Run 0 Options --------- Layout 1 ASCII 0 Keyboard 1 Movement Numpad Keybinds 0 Fullscreen 1 Font 32/SmallcapsGlow Map View 50x35 Zoom Use 0% Tactical HUD 1 Map Filters NONE Filters NONE Steam 1 RUN: c2a8a2ab-06f9-4104-972b-64d8c8be2137